 Dungeon Crawl Stone Soup version 0.29-a0-838-g385bb11a5b (webtiles) character file.

Game seed: 14090843506170034506

11085 buhh the Unseen (level 11, -14/45 (50) HPs)
             Began as a Felid Conjurer on July 14, 2022.
             Was an Initiate of Gozag.
             Killed from afar by a jorogumo (37 damage)
             ... with a bolt of negative energy
             ... on level 3 of the Lair of Beasts.
             The game lasted 01:22:14 (30170 turns).

buhh the Unseen (Felid Conjurer)                   Turns: 30170, Time: 01:22:14

HP:   -14/45 (50)   AC:  2    Str:  3    XL:     11   Next: 44%
MP:   16/20         EV: 12    Int: 30    God:    Gozag
Gold: 2077          SH:  0    Dex: 15    Spells: 8/21 levels left
                                        Lives: 0   Deaths: 3

rFire   . . .      SeeInvis +   (weapon unavailable)
rCold   . . .      Faith    .   (shield unavailable)
rNeg    . . .      Spirit   .   (body armour unavailable)
rPois   .          Reflect  .   (helmet unavailable)
rElec   .          Harm     .   (cloak unavailable)
rCorr   .          Rampage  .   (gloves unavailable)
Will    +....                   (boots unavailable)
Stlth   ++++++....              (no amulet)
HPRegen 0.15/turn               g - +6 ring of intelligence
MPRegen 0.17/turn               F - ring of flight

@: about to teleport, flying, held, studying Stealth, heavily drained, quick
A: very small, claws 1, fangs 3, see invisible, speed 1, shaggy fur 2, stealthy
paws, no weapons or thrown items, no armour, multi-lived
a: Renounce Religion, Potion Petition, Call Merchant, Bribe Branch


You were on level 3 of the Lair of Beasts.
You worshipped Gozag.
Gozag was most pleased with you.
You visited 2 branches of the dungeon, and saw 16 of its levels.

You collected 2652 gold pieces.
You spent 472 gold pieces at shops.
You paid 103 gold pieces to Gozag.

Inventory:

Missiles
 q - 20 poisoned darts
 D - 2 throwing nets
Magical Staves
 k - a staff of cold
Jewellery
 g - a +6 ring of intelligence (left paw)
 s - a ring of resist corrosion
 B - a ring of fire
 F - a ring of flight (right paw)
 I - an amulet of guardian spirit
Wands
 p - a wand of polymorph (11)
 x - a wand of mindburst (1)
 A - a wand of digging (5)
 E - a wand of flame (40)
Scrolls
 a - 3 scrolls of identify {!d}
 b - 2 scrolls of blinking {!d}
 c - 15 scrolls of teleportation {!d!d}
 d - 3 scrolls of magic mapping {!d}
 h - 2 scrolls of enchant armour
 j - 2 scrolls of vulnerability
 l - 4 scrolls of immolation {!r}
 G - 3 scrolls of noise
 H - a scroll of summoning
 J - 2 scrolls of silence {!r}
Potions
 m - a potion of might
 n - 2 potions of lignification {!d}
 o - 4 potions of mutation {!q!d}
 r - 2 potions of cancellation {!q!d}
 t - 2 potions of brilliance {!d}
 u - 3 potions of ambrosia {!d}
 v - 9 potions of curing {!d}
 w - a potion of heal wounds {!d}
 y - a potion of haste {!q}
 z - 2 potions of berserk rage {!q}
 Z - a potion of flight
Miscellaneous
 C - a box of beasts (inert)


   Skills:
 - Level 7.0 Fighting
 - Level 11.5 Dodging
 - Level 15.0 Stealth
 * Level 5.5 Spellcasting
 * Level 9.6 Conjurations
 - Level 11.1 Hexes
 * Level 3.7 Air Magic
 * Level 3.6 Poison Magic


You had 8 spell levels left.
You knew the following spells:

 Your Spells              Type           Power      Damage    Failure   Level
a - Magic Dart            Conj           100%       1d8       1%          1
b - Searing Ray           Conj           100%       2d8       1%          2
c - Fulminant Prism       Conj/Hex       31%        3d16      1%          4
d - Dazzling Flash        Conj/Hex       100%       N/A       1%          3
e - Mephitic Cloud        Conj/Pois/Air  42%        N/A       1%          3

Your spell library contained the following spells:

 Spells                   Type           Power      Damage    Failure   Level
 Freeze                   Ice            32%        1d5       5%          1
 Hailstorm                Conj/Ice       37%        3d9       8%          4
 Iskenderun's Mystic Bla  Conj/Tloc      37%        2d9       8%          4
 Ignite Poison            Fire/Tmut/Pois 15%        N/A       10%         3
 Frozen Ramparts          Ice            16%        1d3       17%         3
 Freezing Cloud           Conj/Ice/Air   17%        6-21      24%         5
 Borgnjor's Vile Clutch   Necr/Erth      4%         N/A       83%         5
 Death Channel            Necr           4%         N/A       100%        6
 Animate Dead             Necr           Unusable   N/A       N/A         4

Dungeon Overview and Level Annotations

Branches:
Dungeon (12/15) Zot: 26771  Temple (0/1) D:7            Lair (4/6) D:9 Zot: 25095
 Shoals (0/4) Lair:2       Spider (0/4) Lair:4          Orc (0/2) D:9

Altars:
Ashenzari
Elyvilon
Gozag
Hepliaklqana
Makhleb
Nemelex Xobeh
Qazlal
Sif Muna
Trog
Vehumet
Yredelemnul
Zin
The Shining One

Annotations:
D:3 exclusion: downstairs
D:5 exclusion: statue
D:8 exclusion: downstairs
D:10 exclusion: downstairs
D:11 exclusions: boulder beetle and cyclops


Innate Abilities, Weirdness & Mutations

You have sharp claws.
You have razor-sharp teeth.
You have supernaturally acute eyesight. (SInv)
You cover ground quickly. (Speed+)
You are covered in thick fur. (AC +2)
Your paws help you pounce on unaware monsters.
You are incapable of wielding weapons or throwing items.
You cannot wear armour.
You gain extra lives every three experience levels.


Message History

The boulder beetle is engulfed in noxious fumes.
The boulder beetle appears confused.
The boulder beetle stops rolling and uncurls.
Aiming: Mindburst
Press: ? - help, Shift-Dir - straight line, f/p - boulder beetle
Aim: a boulder beetle (noxious fumes, confused, fleeing, chance to affect: 47%)
Your attack snaps the boulder beetle out of its fear.
The boulder beetle's mind is blasted!
The boulder beetle is engulfed in noxious fumes.
The boulder beetle appears confused.
Aiming: Polymorph
Press: ? - help, Shift-Dir - straight line, f/p - boulder beetle
Aim: a boulder beetle (poison gas, lightly wounded, confused, will become a quicksilver ooze, a jorogumo, or a black bear, chance to affect: 31%)
The boulder beetle evaporates and reforms as a jorogumo!
The jorogumo is engulfed in poison gas.
The jorogumo is poisoned.
The jorogumo casts a spell at you. The stream of webbing misses you.
Aiming: Polymorph
Press: ? - help, Shift-Dir - straight line, f/p - jorogumo
Aim: a jorogumo (poison gas, lightly wounded, poisoned, will become a slime creature, an entropy weaver, or a sea snake, chance to affect: 17%)
The jorogumo resists with almost no effort.
The jorogumo is engulfed in poison gas.
The jorogumo looks even sicker.
The jorogumo stares at you and mumbles some strange words.
The stream of webbing hits you but does no damage.
You are caught in a web!
The jorogumo is engulfed in poison gas.
The jorogumo looks even sicker.
The jorogumo casts a spell at you. The bolt of negative energy hits you!!
You feel drained.
Ouch! That really hurt!
As you read the scroll of fog, it crumbles to dust.
The scroll dissolves into smoke.
The jorogumo is engulfed in poison gas.
The jorogumo looks as sick as possible!
As you read the scroll of teleportation {!d!d}, it crumbles to dust.
You feel strangely unstable.
The jorogumo is engulfed in poison gas.
The jorogumo looks as sick as possible!
The jorogumo casts a spell at you. The bolt of negative energy hits you!!!
You feel drained.
Ouch! That really hurt!
You die...
Your body crumbles into a pile of gold.

..................#.#
.........§☼§§§§§§☼§##
......#..§§§§☼§§§§§§#
.....#...§P§§☼§§☼§§P#
..#.#.#..##§§§§§§☼§##
#.#.<.#.###☼§§§§§☼#§#
........# #§§§☼§§§§##
....⌠....##§§§§§§§##
..#####...##§§§§@§§#
.# #####.§§☼#§§§§§##
####.####...#§§☼☼☼#
.##...##...☼H.#☼§§§
.........§§§..§☼☼§##
.⌠..<..⌠.§§☼§§#§☼§#
.........§§§.§§§§§#
.##....#.§§§§##§§§§
#########...#.....


You could see a jorogumo (extremely poisoned).

Vanquished Creatures
  A boulder beetle (Lair:2)
  2 hydras
  A tengu warrior (D:8)
  A manticore (Lair:2)
  5 elephants (Lair:2)
  5 cane toads
  An unseen horror (D:10)
  A kobold demonologist (D:8)
  3 komodo dragons
  A troll (D:10)
  A wind drake (Lair:2)
  2 hornets (D:8)
  Prince Ribbit (D:9)
  17 yaks
  A shadow (D:10)
  3 wyverns
  Grum (D:9)
  3 wraiths
  2 steam dragons (D:6)
  5 vampire mosquitoes
  3 water moccasins
  3 orc warriors
  A sky beast (D:7)
  An ice beast (D:6)
  6 black bears
  2 centaurs
  4 wolves (D:9)
  2 ogres
  4 phantoms
  2 kobold brigands
  11 bullfrogs
  A gnoll sergeant (D:6)
  3 necrophages
  4 scorpions
  5 wights
  3 troll zombies (D:9)
  7 killer bees
  4 howler monkeys
  A hound (D:4)
  A jelly (D:4)
  4 orc priests
  An iguana (D:7)
  7 hell rats (Lair:1)
  4 orc wizards
  5 ogre zombies (D:9)
  10 gnolls
  6 adders
  2 white imps
  2 ufetubi (D:5)
  4 worms
  2 dart slugs
  34 orcs
  9 ball pythons
  8 endoplasms
  4 giant cockroaches
  11 goblins
  6 hobgoblins
  9 jackals
  16 kobolds
  3 quokkas
  7 bats
  3 frilled lizards
  3 goblin zombies (D:9)
  4 hobgoblin zombies (D:9)
  3 orc skeletons (D:9)
  14 orc zombies (D:9)
  11 rats
  2 fulminant prisms
319 creatures vanquished.

Vanquished Creatures (collateral kills)
  A komodo dragon (Lair:3)
  An orc skeleton (D:9)
2 creatures vanquished.

Vanquished Creatures (others)
  Psyche (D:9)
  An adder (D:6)
  A bush (Lair:2)
  142 fulminant prisms
  29 fungi
  69 plants
243 creatures vanquished.

Grand Total: 564 creatures vanquished

Notes
Turn   | Place    | Note
-------+----------+-------------------------------------------
     0 | D:1      | buhh the Felid Conjurer began the quest for the Orb.
     0 | D:1      | Reached XP level 1. HP: 7/7 MP: 4/4
   211 | D:1      | Reached skill level 3 in Stealth
   251 | D:1      | Reached XP level 2. HP: 11/11 MP: 3/6
   824 | D:1      | Reached XP level 3. HP: 14/14 MP: 2/7
  2016 | D:2      | Learned a level 2 spell: Searing Ray
  2165 | D:2      | Reached skill level 4 in Stealth
  2380 | D:2      | Reached XP level 4. HP: 10/18 MP: 2/8
  3837 | D:3      | Reached XP level 5. HP: 21/21 MP: 1/9
  4793 | D:4      | Noticed a phantom
  5009 | D:3      | Killed a phantom
  5010 | D:3      | Reached skill level 5 in Dodging
  5010 | D:3      | Reached skill level 5 in Stealth
  5229 | D:4      | Found a white marble altar of Elyvilon.
  5549 | D:4      | Reached skill level 5 in Conjurations
  5857 | D:4      | Noticed a phantom
  5867 | D:4      | Killed a phantom
  5868 | D:4      | Gained mutation: You are covered in thick fur. (AC +2)
                  | [Felid growth]
  5868 | D:4      | Reached XP level 6. HP: 24/24 MP: 0/10
  6040 | D:4      | Found a stormy altar of Qazlal.
  6191 | D:5      | Entered Level 5 of the Dungeon
  6198 | D:4      | Slain by a black bear
  6199 | D:4      | Reached XP level 5. HP: 0/21 MP: 5/9
  6218 | D:4      | Killed a black bear
  6219 | D:4      | Reached XP level 6. HP: 24/24 MP: 7/10
  6865 | D:5      | Noticed a water moccasin
  6950 | D:5      | Found an opulent altar of Gozag.
  6986 | D:5      | Became a worshipper of Gozag Ym Sagoz the Greedy
  7072 | D:5      | Found a radiant altar of Vehumet.
  7268 | D:5      | Reached XP level 7. HP: 20/27 MP: 3/11
  8232 | D:6      | Noticed a wyvern
  8346 | D:6      | Found a hazy altar of Hepliaklqana.
  8599 | D:6      | Found a broken altar of Ashenzari.
  8731 | D:6      | Reached skill level 1 in Hexes
  8745 | D:6      | Learned a level 4 spell: Fulminant Prism
  9155 | D:6      | Identified the +4 hand axe "Ultimatum" {venom, rC+ rN+
                  | Int-2 Dex+4}
  9427 | D:7      | Noticed a hornet
  9447 | D:7      | Found a burning altar of Makhleb.
  9575 | D:7      | Reached skill level 5 in Hexes
  9575 | D:7      | Reached XP level 8. HP: 31/31 MP: 2/12
 10123 | D:7      | Found a staircase to the Ecumenical Temple.
 10480 | D:8      | Reached skill level 1 in Fighting
 10894 | D:8      | Reached skill level 6 in Stealth
 11197 | D:8      | Noticed a kobold demonologist
 11428 | D:7      | Found a glowing silver altar of Zin.
 11554 | D:7      | Found a sparkling altar of Nemelex Xobeh.
 12244 | D:6      | Reached XP level 9. HP: 14/37 MP: 0/13
 12701 | D:6      | Reached skill level 7 in Stealth
 13453 | D:8      | Reached skill level 8 in Stealth
 13588 | D:8      | Noticed a hellwing
 13590 | D:8      | Killed a kobold demonologist
 13591 | D:8      | Reached skill level 10 in Hexes
 14931 | D:8      | Reached skill level 9 in Stealth
 15171 | D:9      | Noticed Prince Ribbit
 15196 | D:8      | Noticed a tengu warrior
 15351 | D:9      | Reached XP level 10. HP: 42/43 MP: 9/14
 15597 | D:9      | Noticed a six-headed hydra
 15659 | D:8      | Reached skill level 5 in Fighting
 15673 | D:8      | Killed a tengu warrior
 15674 | D:8      | Reached skill level 10 in Stealth
 16671 | D:8      | Learned a level 3 spell: Dazzling Flash
 17077 | D:9      | Slain by a six-headed hydra
 17078 | D:9      | Reached XP level 9. HP: -5/41 MP: 8/13
 17090 | D:9      | Found a staircase to the Orcish Mines.
 17253 | D:9      | Reached skill level 11 in Stealth
 17908 | D:9      | Killed a komodo dragon
 18434 | D:9      | Noticed Grum
 18439 | D:9      | Reached skill level 12 in Stealth
 18442 | D:9      | Reached skill level 10 in Dodging
 18442 | D:9      | Killed a seven-headed hydra
 18443 | D:9      | Reached XP level 10. HP: 46/46 MP: 2/14
 18448 | D:9      | Killed Grum
 18598 | D:9      | Reached skill level 13 in Stealth
 19557 | D:9      | Noticed Psyche
 19871 | D:9      | Found a staircase to the Lair.
 20220 | D:9      | Found Vinki's Magic Scroll Shop.
 20278 | Lair:1   | Entered Level 1 of the Lair of Beasts
 20332 | D:10     | Entered Level 10 of the Dungeon
 21692 | D:9      | Killed Psyche
 21720 | D:9      | Bought a scroll of teleportation for 48 gold pieces
 21720 | D:9      | Bought a scroll of teleportation for 48 gold pieces
 21720 | D:9      | Bought a scroll of fear for 64 gold pieces
 21720 | D:9      | Bought a scroll of teleportation for 48 gold pieces
 21720 | D:9      | Bought a scroll of magic mapping for 120 gold pieces
 21720 | D:9      | Bought a scroll of identify for 32 gold pieces
 21720 | D:9      | Bought a scroll of identify for 32 gold pieces
 21720 | D:9      | Bought a scroll of fog for 64 gold pieces
 21720 | D:9      | Bought a scroll of noise for 16 gold pieces
 21757 | D:9      | Found a bloodstained altar of Trog.
 21863 | D:9      | Killed Prince Ribbit
 22832 | D:11     | Noticed a boulder beetle
 22895 | D:11     | Noticed a boulder beetle
 23372 | D:10     | Reached skill level 14 in Stealth
 23685 | D:10     | Found a shimmering blue altar of Sif Muna.
 23741 | D:10     | Found a basalt altar of Yredelemnul.
 23747 | D:10     | Found a glowing golden altar of the Shining One.
 23749 | D:10     | Noticed an angel
 24301 | D:11     | Noticed a cyclops
 24437 | Lair:1   | Noticed a cane toad
 24657 | Lair:2   | Noticed a cane toad
 24667 | Lair:2   | Killed a cane toad
 24672 | Lair:2   | Noticed a six-headed hydra
 24788 | Lair:1   | Reached XP level 11. HP: 50/50 MP: 11/17
 26234 | Lair:2   | Noticed a boulder beetle
 26933 | Lair:1   | Killed from afar by a rime drake
 26934 | Lair:1   | Reached XP level 10. HP: -1/47 MP: 9/16
 27013 | Lair:2   | Noticed an elephant
 27013 | Lair:2   | Noticed an elephant
 27028 | Lair:2   | Learned a level 3 spell: Mephitic Cloud
 27028 | Lair:2   | Noticed an elephant
 27076 | Lair:2   | Noticed a cane toad
 27100 | Lair:2   | Killed a cane toad
 27339 | Lair:2   | Noticed a cane toad
 27348 | Lair:2   | Killed a cane toad
 27349 | Lair:2   | Reached skill level 15 in Stealth
 27349 | Lair:2   | Reached skill level 1 in Air Magic
 27380 | Lair:2   | Noticed an elephant
 27380 | Lair:2   | Noticed an elephant
 27388 | Lair:2   | Reached skill level 1 in Poison Magic
 27761 | Lair:2   | Found a staircase to the Shoals.
 27971 | Lair:2   | Killed a six-headed hydra
 28137 | Lair:2   | Noticed a manticore
 28178 | Lair:3   | Noticed a cane toad
 28622 | Lair:3   | Killed a cane toad
 29047 | Lair:3   | Noticed a boulder beetle
 29052 | Lair:3   | Reached XP level 11. HP: 50/50 MP: 4/19
 29341 | Lair:4   | Found a hole to the Spider Nest.
 29497 | Lair:2   | Killed a boulder beetle
 29498 | Lair:2   | Reached skill level 5 in Spellcasting
 30166 | Lair:3   | Noticed a jorogumo
 30166 | Lair:3   | a boulder beetle changed into a jorogumo
 30170 | Lair:3   | Killed from afar by a jorogumo

Illustrated notes

Levels and vault maps discovered:
D:1:      minmay_arrival_nine_rooms, layout_rooms, skrybe_limestone_x
D:2:      layout_basic
D:3:      minmay_angry_zag, layout_loops_ring, serial_bayou,
          serial_bayou_pond_d, serial_bayou_shore_b, serial_bayou_pond_a,
          serial_bayou_shore_a
D:4:      layout_basic, nicolae_elyvilon_peaceful_grove,
          nicolae_qazlal_general_emergency, serial_rivers,
          chequers_serial_rivers_micro_d, chequers_serial_rivers_room_b,
          chequers_serial_rivers_room_a, chequers_serial_rivers_marsh,
          minivault_23, minmay_misc_feat_pillars, kennysheep_cluttered_room,
          minmay_puff
D:5:      layout_basic, mainiacjoe_overflow_concentric_impassable,
          vehumet_statue
D:6:      layout_basic, mainiacjoe_overflow_surrounded_room,
          nicolae_overflow_hidden_temple, kennysheep_generic_room_6
D:7:      layout_cave_pools, lemuel_tele_altar, nemelex_dance_club_becter,
          zin_statuary, minmay_temple_entry_crystal_x, kennysheep_cross_room
D:8:      layout_layer_cave, minmay_manual_mullet
D:9:      layout_loops_ring, trog_hazing_becter, david_lair_shrubbed,
          zombieorc2_lemuel, serial_shops, kennysheep_mini_moat,
          kennysheep_another_room, uniq_prince_ribbit1, uniq_psyche, uniq_grum
D:10:     layout_grid_maze, grunt_temple_overflow_holy_war,
          kennysheep_little_box, enter_bailey_5
D:11:     layout_stronghold
D:12:     layout_basic, abandoned_shop, uniq_snorg, uniq_frances
Lair:1:   layout_loops_ring, grunt_megastairs_4
Lair:2:   layout_concentric_octagons, minmay_shoals_entry_beasts,
          lemuel_old_faithful, lemuel_fruit_fields
Lair:3:   layout_hall_layers, grunt_megastairs_5, infiniplex_staircase_pool_2,
          lemuel_fruit_fields, serial_bayou_shore_b, serial_bayou_shore_b
Lair:4:   layout_misc_corridors, dummy_spider_entry

Skill      XL: |  1  2  3  4  5  6  7  8  9 10 11 |
---------------+----------------------------------+-----
Stealth        | 3 4 5 6 12 15 | 15.0
Dodging        | 3 4 5 6 10 11 | 11.5
Conjurations   | 4 6 7 8 9 |  9.6
Hexes          | 5 8 10 11 | 11.1
Fighting       | 2 6 7 |  7.0
Spellcasting   | 4 5 |  5.5
Air Magic      | 2 3 |  3.7
Poison Magic   | 2 3 |  3.6

Action                   |  1- 3 |  4- 6 |  7- 9 | 10-12 || total
-------------------------+-------+-------+-------+-------++-------
Melee: Unarmed           |     2 |     5 |     2 |    62 ||    71
       Bite              |       |     2 |     1 |     1 ||     4
 Cast: Magic Dart        |    97 |   127 |   116 |    85 ||   425
       Searing Ray       |     1 |    22 |    41 |    52 ||   116
       Fulminant Prism   |       |       |    54 |    89 ||   143
       Mephitic Cloud    |       |       |       |    10 ||    10
       Dazzling Flash    |       |       |       |     7 ||     7
Evoke: Wand              |       |       |     7 |    16 ||    23
       Box of beasts     |       |       |       |     1 ||     1
  Use: Potion            |     1 |       |       |    18 ||    19
       Scroll            |       |       |    20 |    16 ||    36
 Stab: Invisible         |       |       |       |     1 ||     1
Armor: Skin              |       |       |     5 |   133 ||   138
Dodge: Dodged            |    15 |    35 |    60 |   160 ||   270

Table legend: (Time is in decaauts)
 A = Elapsed time spent in this place.
 B = Non-inter-level travel time spent in this place.
 C = Inter-level travel time spent in this place.
 D = Time resting spent in this place.
 E = Time spent auto-exploring this place.
 F = Levels seen in this place.
 G = Mean time per level.
                   A        B        C        D        E       F      G
               +--------+--------+--------+--------+--------+-----+--------+
         Total |  27419 |  25976 |   1443 |   8564 |  11177 |  16 | 1713.7 |
       Dungeon |  22516 |  21161 |   1355 |   6626 |   9575 |  12 | 1876.3 |
          Lair |   4903 |   4815 |     88 |   1937 |   1601 |   4 | 1225.8 |
               +--------+--------+--------+--------+--------+-----+--------+

Top non-repeatable levels by time:
     D:8: 4374 daAuts
     D:9: 3931 daAuts
     D:4: 2119 daAuts
  Lair:2: 2119 daAuts
     D:3: 1789 daAuts
  Lair:1: 1783 daAuts
     D:7: 1737 daAuts
     D:6: 1723 daAuts
     D:1: 1595 daAuts
    D:10: 1549 daAuts
     D:5: 1456 daAuts
     D:2: 1240 daAuts
    D:11: 996 daAuts
  Lair:3: 982 daAuts
  Lair:4: 17 daAuts
